General information
- name: BNet
- type: Ladder team game (AT/RT)
- host: Battle.net
- saver: stbbronyourteam
map: Friends
- players: 8
- length: 65:03
- speed: Fast
- version: 1.26 W3XP
- replay type: Public
» download(338 KB)
Players
team 1 (loser)

»
J4m4ic4n (
pink | 38 APM | 1122 actions | 29:13)
5 Death Knight
3 Death Coil
2 Unholy Aura
1 Lich
1 Frost Nova
» actions
| Assign group hotkey | 30 | |
| Basic commands | 41 | |
| Build / train | 60 | |
| Enter build submenu | 14 | |
| Enter hero's abilities submenu | 6 | |
| Remove unit from queue | 3 | |
| Right click | 318 | |
| Select / deselect | 347 | |
| Select group hotkey | 226 | |
| Use ability | 77 | |
1122 total
» units
| Acolyte | 10 | |
| Ghoul | 2 | |
| Crypt Fiend | 13 | |
| Goblin Shredder | 1 | |
| Goblin Zeppelin | 2 | |
28 total
» upgrades
| Creature Attack | 3 | |
| Web | 1 | |
| Burrow | 1 | |
5 total
» buildings
| Altar of Darkness | 2 | |
| Ziggurat | 7 | |
| Graveyard | 1 | |
| Crypt | 2 | |
| Tomb of Relics | 1 | |
| Halls of the Dead | 1 | |
| Black Citadel | 1 | |
| Spirit Tower | 4 | |
19 total
» build order
00:11 Altar of Darkness
00:13 Ziggurat
00:44 Graveyard
01:14 Crypt
01:29 Crypt
01:38 Tomb of Relics
02:56 Ziggurat
03:43 Halls of the Dead
06:12 Black Citadel
07:16 Ziggurat
07:18 Ziggurat
08:55 Spirit Tower
08:57 Spirit Tower
08:59 Spirit Tower
09:34 Spirit Tower
17:12 Ziggurat
17:14 Ziggurat
17:17 Ziggurat
21:46 Altar of Darkness
» items
| Rod of Necromancy | 2 | |
| Orb of Corruption | 1 | |
| Potion of Healing | 3 | |
| Scroll of Regeneration | 1 | |
| Scroll of Town Portal | 2 | |
| Health Stone | 1 | |
10 total

»
Beast-Mode (
yellow | 43 APM | 2445 actions | 56:38)
6 Far Seer
3 Feral Spirit
2 Chain Lighting
1 Earth Quake
1 Death Knight
1 Animate Dead
» actions
| Assign group hotkey | 3 | |
| Basic commands | 21 | |
| Build / train | 41 | |
| Enter build submenu | 25 | |
| Enter hero's abilities submenu | 8 | |
| Give item / drop item | 1 | |
| Remove unit from queue | 10 | |
| Right click | 1762 | |
| Select / deselect | 356 | |
| Select group hotkey | 88 | |
| Use ability | 130 | |
2445 total
» units
| Peon | 19 | |
| Goblin Zeppelin | 1 | |
| Obsidian Statue | 2 | |
22 total
» buildings
| Altar of Storms | 4 | |
| Orc Burrow | 9 | |
| Barracks | 1 | |
| Great Hall | 1 | |
| Slaughterhouse | 1 | |
| Sacrificial Pit | 1 | |
17 total
» build order
00:15 Altar of Storms
00:26 Orc Burrow
00:58 Orc Burrow
01:15 Altar of Storms
01:25 Orc Burrow
02:08 Altar of Storms
02:12 Orc Burrow
02:16 Barracks
02:37 Altar of Storms
02:52 Orc Burrow
03:57 Orc Burrow
19:06 Great Hall
22:59 Orc Burrow
24:28 Orc Burrow
26:00 Orc Burrow
30:03 Slaughterhouse
30:07 Sacrificial Pit
» items
| Healing Salve | 3 | |
| Lesser Clarity Potion | 5 | |
| Potion of Healing | 2 | |
| Potion of Mana | 1 | |
11 total
YOSHIOWNJAPAN (
orange | 47 APM | 3033 actions | 65:02)
9 Mountain King
3 Storm Bolt
3 Bash
1 Avatar
2 Thunder Clap
» actions
| Assign group hotkey | 60 | |
| Basic commands | 159 | |
| Build / train | 117 | |
| Enter build submenu | 28 | |
| Enter hero's abilities submenu | 9 | |
| Give item / drop item | 2 | |
| Right click | 1095 | |
| Select / deselect | 398 | |
| Select group hotkey | 996 | |
| Use ability | 169 | |
3033 total
» units
| Peasant | 38 | |
| Rifleman | 6 | |
| Goblin Shredder | 4 | |
| Goblin Zeppelin | 4 | |
| Gryphon Rider | 13 | |
| Siege Engine | 5 | |
70 total
» upgrades
| Masonry | 3 | |
| Lumber Harvesting | 1 | |
| Long Rifles | 1 | |
| Storm Hammers | 1 | |
| Swords | 1 | |
| Armor | 1 | |
| Barrage | 1 | |
| Flying Machine Bombs | 1 | |
| Flak Cannons | 1 | |
11 total
» buildings
| Altar of Kings | 1 | |
| Farm | 16 | |
| Town Hall | 3 | |
| Barracks | 2 | |
| Lumber Mill | 2 | |
| Blacksmith | 1 | |
| Scout Tower | 10 | |
| Arcane Tower | 2 | |
| Guard Tower | 9 | |
| Keep | 1 | |
| Castle | 1 | |
| Arcane Vault | 1 | |
| Gryphon Aviary | 2 | |
| Workshop | 2 | |
53 total
» build order
00:14 Altar of Kings
01:35 Farm
02:26 Farm
03:05 Farm
04:49 Town Hall
05:05 Barracks
05:11 Barracks
06:07 Farm
06:27 Lumber Mill
06:36 Blacksmith
06:58 Scout Tower
06:58 Scout Tower
07:26 Arcane Tower
07:26 Arcane Tower
07:31 Guard Tower
07:49 Keep
08:39 Guard Tower
08:59 Scout Tower
08:59 Scout Tower
08:59 Scout Tower
08:59 Scout Tower
09:00 Scout Tower
09:00 Scout Tower
09:01 Scout Tower
09:07 Farm
09:08 Farm
09:08 Farm
09:08 Farm
09:09 Farm
09:46 Guard Tower
10:21 Guard Tower
10:21 Guard Tower
10:29 Castle
10:35 Farm
10:35 Farm
10:35 Farm
10:47 Arcane Vault
11:14 Guard Tower
13:06 Gryphon Aviary
13:41 Gryphon Aviary
18:04 Town Hall
24:56 Lumber Mill
28:50 Town Hall
32:30 Farm
32:30 Farm
32:32 Farm
32:33 Farm
34:02 Workshop
34:03 Workshop
» items
| Potion of Healing | 3 | |
| Scroll of Town Portal | 5 | |
| Potion of Mana | 1 | |
| Orb of Lightning | 1 | |
| Scroll of Regeneration | 2 | |
| Orb of Fire | 1 | |
13 total
ny_sj (
teal | 49 APM | 2897 actions | 58:54)
6 Blademaster
2 Wind Walk
3 Critical Strike
1 Bladestorm
5 Shadow Hunter
3 Healing Wave
2 Hex
1 Death Knight
1 Animate Dead
» actions
| Assign group hotkey | 95 | |
| Basic commands | 264 | |
| Build / train | 151 | |
| ESC pressed | 17 | |
| Enter build submenu | 40 | |
| Enter hero's abilities submenu | 12 | |
| Give item / drop item | 2 | |
| Right click | 1101 | |
| Select / deselect | 648 | |
| Select group hotkey | 256 | |
| Use ability | 311 | |
2897 total
» units
| Peon | 16 | |
| Grunt | 8 | |
| Troll Headhunter/Berserker | 4 | |
| Wind Rider | 17 | |
| Shaman | 2 | |
| Troll Witch Doctor | 2 | |
| Goblin Zeppelin | 1 | |
| Troll Batrider | 6 | |
| Forest Troll Berserker | 1 | |
| Forest Troll Shadow Priest | 1 | |
58 total
» upgrades
| Armor | 2 | |
| Ranged Weapons | 2 | |
| Reinforced Defenses | 1 | |
| Envenomed Spears | 1 | |
| Shaman Training | 2 | |
| Witch Doctor Training | 2 | |
10 total
» buildings
| Altar of Storms | 2 | |
| Orc Burrow | 11 | |
| Barracks | 2 | |
| Voodoo Lounge | 1 | |
| War Mill | 1 | |
| Stronghold | 5 | |
| Watch Tower | 4 | |
| Fortress | 2 | |
| Beastiary | 5 | |
| Spirit Lodge | 1 | |
34 total
» build order
00:35 Altar of Storms
00:43 Orc Burrow
00:50 Barracks
02:58 Voodoo Lounge
03:24 War Mill
04:05 Orc Burrow
05:13 Stronghold
05:14 Stronghold
06:26 Watch Tower
07:27 Watch Tower
08:02 Orc Burrow
08:04 Fortress
08:04 Fortress
11:05 Watch Tower
12:17 Beastiary
13:15 Orc Burrow
13:23 Orc Burrow
13:30 Orc Burrow
15:01 Beastiary
15:02 Beastiary
15:40 Beastiary
16:08 Beastiary
19:20 Barracks
20:11 Orc Burrow
20:32 Orc Burrow
23:02 Spirit Lodge
37:14 Orc Burrow
37:21 Orc Burrow
37:25 Orc Burrow
37:28 Watch Tower
40:45 Altar of Storms
» items
| Healing Salve | 2 | |
| Lesser Clarity Potion | 3 | |
| Orb of Lightning | 1 | |
| Scroll of Town Portal | 5 | |
| Potion of Healing | 7 | |
| Potion of Mana | 5 | |
| Scroll of Speed | 1 | |
| Tiny Great Hall | 2 | |
| Orb of Corruption | 1 | |
27 total
team 2 (winner)
wow.wow (
green | 64 APM | 4162 actions | 65:02)
9 Mountain King
3 Storm Bolt
3 Thunder Clap
2 Bash
1 Avatar
» actions
| Assign group hotkey | 104 | |
| Basic commands | 93 | |
| Build / train | 159 | |
| Enter build submenu | 53 | |
| Enter hero's abilities submenu | 11 | |
| Remove unit from queue | 1 | |
| Right click | 1347 | |
| Select / deselect | 791 | |
| Select group hotkey | 1471 | |
| Use ability | 132 | |
4162 total
» units
| Peasant | 31 | |
| Footman | 7 | |
| Forest Troll Shadow Priest | 8 | |
| Mud Golem | 2 | |
| Sorceress | 10 | |
| Mortar Team | 2 | |
| Gryphon Rider | 9 | |
| Siege Engine | 3 | |
| Knight | 3 | |
| Priest | 1 | |
| Flying Machine | 32 | |
108 total
» upgrades
| Gunpowder | 2 | |
| Swords | 1 | |
| Armor | 1 | |
| Lumber Harvesting | 2 | |
| Sorceress Training | 1 | |
| Storm Hammers | 1 | |
| Barrage | 1 | |
| Plating | 1 | |
10 total
» buildings
| Altar of Kings | 4 | |
| Farm | 18 | |
| Barracks | 2 | |
| Scout Tower | 2 | |
| Arcane Tower | 2 | |
| Lumber Mill | 3 | |
| Keep | 4 | |
| Arcane Vault | 2 | |
| Castle | 3 | |
| Blacksmith | 2 | |
| Arcane Sanctum | 1 | |
| Workshop | 2 | |
| Gryphon Aviary | 2 | |
| Town Hall | 5 | |
52 total
» build order
00:07 Altar of Kings
00:10 Farm
00:22 Barracks
01:01 Farm
01:44 Farm
02:27 Scout Tower
02:35 Scout Tower
02:54 Farm
02:57 Arcane Tower
03:32 Arcane Tower
03:34 Farm
04:06 Lumber Mill
04:59 Keep
05:02 Farm
05:29 Arcane Vault
07:28 Castle
07:31 Blacksmith
07:33 Arcane Sanctum
07:35 Farm
10:44 Workshop
10:47 Workshop
11:37 Lumber Mill
12:53 Gryphon Aviary
12:55 Gryphon Aviary
13:39 Farm
16:24 Town Hall
16:56 Farm
25:53 Barracks
26:18 Arcane Vault
29:56 Keep
29:58 Altar of Kings
30:00 Farm
30:04 Lumber Mill
30:10 Blacksmith
32:39 Town Hall
33:48 Castle
34:55 Town Hall
40:09 Altar of Kings
40:26 Altar of Kings
40:38 Town Hall
41:11 Farm
41:46 Farm
41:48 Farm
41:49 Farm
42:01 Farm
42:38 Farm
42:40 Farm
42:40 Farm
44:19 Town Hall
46:02 Keep
50:08 Castle
52:29 Keep
» items
| Scroll of Regeneration | 3 | |
| Lesser Clarity Potion | 3 | |
| Potion of Mana | 3 | |
| Potion of Healing | 2 | |
| Scroll of Town Portal | 4 | |
| Potion of Divinity | 1 | |
| Healing Wards | 3 | |
| Scroll of Resurrection | 1 | |
20 total
gregsimoneau (
red | 35 APM | 789 actions | 22:32)
4 Death Knight
2 Death Coil
2 Unholy Aura
2 Lich
1 Frost Nova
1 Dark Ritual
1 Mountain King
1 Storm Bolt
» actions
| Basic commands | 12 | |
| Build / train | 57 | |
| Enter build submenu | 21 | |
| Enter hero's abilities submenu | 7 | |
| Give item / drop item | 4 | |
| Right click | 442 | |
| Select / deselect | 177 | |
| Use ability | 69 | |
789 total
» units
| Acolyte | 2 | |
| Ghoul | 3 | |
| Crypt Fiend | 5 | |
| Siege Engine | 8 | |
| Peasant | 3 | |
| Frost Wyrm | 4 | |
25 total
» upgrades
| Creature Attack | 2 | |
| Creature Carapace | 2 | |
| Web | 1 | |
| Masonry | 1 | |
| Freezing Breath | 1 | |
7 total
» buildings
| Crypt | 1 | |
| Altar of Darkness | 1 | |
| Ziggurat | 8 | |
| Graveyard | 1 | |
| Tomb of Relics | 1 | |
| Spirit Tower | 2 | |
| Halls of the Dead | 1 | |
| Black Citadel | 1 | |
| Sacrificial Pit | 1 | |
| Castle | 1 | |
| Boneyard | 2 | |
| Farm | 6 | |
26 total
» build order
00:26 Crypt
00:31 Altar of Darkness
00:35 Ziggurat
01:03 Graveyard
01:15 Ziggurat
01:54 Tomb of Relics
02:35 Spirit Tower
02:37 Spirit Tower
04:10 Halls of the Dead
04:36 Ziggurat
06:38 Black Citadel
06:42 Sacrificial Pit
06:49 Ziggurat
06:52 Ziggurat
06:57 Ziggurat
07:32 Castle
10:13 Boneyard
10:21 Boneyard
11:06 Farm
11:11 Farm
15:43 Ziggurat
15:46 Ziggurat
15:59 Farm
18:16 Farm
19:26 Farm
19:29 Farm
» items
| Rod of Necromancy | 1 | |
| Scroll of Regeneration | 1 | |
| Potion of Mana | 2 | |
| Orb of Fire | 1 | |
| Potion of Healing | 4 | |
| Scroll of Town Portal | 2 | |
11 total
stbbronyourteam (
blue | 67 APM | 4391 actions | 65:03)
10 Archmage
3 Summon Water Elemental
3 Brilliance Aura
1 Mass Teleport
3 Blizzard
2 Mountain King
1 Storm Bolt
1 Bash
» actions
| Assign group hotkey | 217 | |
| Basic commands | 567 | |
| Build / train | 204 | |
| ESC pressed | 2 | |
| Enter build submenu | 75 | |
| Enter hero's abilities submenu | 12 | |
| Give item / drop item | 10 | |
| Remove unit from queue | 8 | |
| Right click | 1530 | |
| Select / deselect | 831 | |
| Select group hotkey | 749 | |
| Use ability | 186 | |
4391 total
» units
| Peasant | 29 | |
| Footman | 19 | |
| Forest Troll Berserker | 1 | |
| Gryphon Rider | 23 | |
| Siege Engine | 1 | |
| Goblin Zeppelin | 1 | |
| Goblin Shredder | 1 | |
| Dragonhawk Rider | 1 | |
76 total
» upgrades
| Masonry | 4 | |
| Swords | 3 | |
| Gunpowder | 5 | |
| Animal War Training | 1 | |
| Armor | 3 | |
| Lumber Harvesting | 2 | |
| Barrage | 1 | |
| Plating | 4 | |
| Storm Hammers | 1 | |
| Backpack | 2 | |
| Cloud | 1 | |
27 total
» buildings
| Altar of Kings | 2 | |
| Barracks | 2 | |
| Farm | 17 | |
| Scout Tower | 64 | |
| Lumber Mill | 4 | |
| Blacksmith | 2 | |
| Guard Tower | 62 | |
| Keep | 3 | |
| Arcane Vault | 3 | |
| Castle | 2 | |
| Gryphon Aviary | 4 | |
| Workshop | 3 | |
| Town Hall | 3 | |
171 total
» build order
00:05 Altar of Kings
00:08 Barracks
00:14 Farm
00:29 Altar of Kings
00:31 Barracks
00:33 Farm
01:16 Farm
01:44 Scout Tower
01:46 Scout Tower
01:46 Scout Tower
01:58 Farm
02:10 Farm
02:17 Farm
02:27 Scout Tower
02:40 Lumber Mill
03:00 Lumber Mill
03:06 Blacksmith
03:56 Guard Tower
03:56 Guard Tower
04:12 Guard Tower
04:12 Guard Tower
05:02 Keep
05:14 Keep
05:14 Keep
05:43 Arcane Vault
07:22 Farm
07:28 Blacksmith
07:42 Castle
07:42 Castle
07:45 Gryphon Aviary
07:52 Gryphon Aviary
08:07 Scout Tower
08:08 Scout Tower
08:09 Scout Tower
08:16 Workshop
10:23 Guard Tower
10:42 Lumber Mill
11:09 Workshop
11:19 Workshop
11:35 Farm
11:37 Farm
12:35 Scout Tower
12:37 Scout Tower
14:03 Farm
14:04 Farm
14:08 Farm
14:11 Guard Tower
15:39 Farm
15:40 Farm
16:46 Town Hall
18:39 Scout Tower
18:40 Scout Tower
18:41 Scout Tower
19:14 Guard Tower
24:01 Guard Tower
27:13 Town Hall
27:28 Town Hall
28:32 Scout Tower
28:33 Scout Tower
29:28 Guard Tower
31:04 Arcane Vault
31:27 Scout Tower
31:28 Scout Tower
31:29 Scout Tower
31:30 Scout Tower
31:31 Scout Tower
31:35 Farm
31:36 Farm
31:59 Guard Tower
32:00 Guard Tower
32:28 Guard Tower
32:52 Guard Tower
32:52 Guard Tower
33:21 Guard Tower
33:21 Guard Tower
34:36 Guard Tower
34:36 Guard Tower
34:51 Farm
34:55 Scout Tower
34:56 Scout Tower
34:56 Scout Tower
34:57 Scout Tower
34:58 Scout Tower
34:59 Scout Tower
36:50 Guard Tower
37:22 Guard Tower
38:08 Scout Tower
38:09 Scout Tower
38:10 Scout Tower
38:11 Scout Tower
38:14 Guard Tower
38:17 Lumber Mill
39:11 Guard Tower
41:20 Guard Tower
41:20 Guard Tower
41:23 Scout Tower
41:25 Scout Tower
41:26 Scout Tower
41:27 Scout Tower
41:28 Scout Tower
41:29 Scout Tower
41:30 Scout Tower
41:32 Scout Tower
41:33 Scout Tower
41:33 Scout Tower
41:51 Scout Tower
41:52 Scout Tower
41:54 Scout Tower
41:57 Scout Tower
42:43 Guard Tower
42:47 Guard Tower
42:47 Guard Tower
42:51 Guard Tower
42:57 Scout Tower
42:58 Scout Tower
42:59 Scout Tower
43:07 Scout Tower
43:11 Scout Tower
43:12 Scout Tower
43:14 Scout Tower
43:16 Scout Tower
43:19 Scout Tower
43:20 Scout Tower
43:22 Scout Tower
43:25 Scout Tower
43:27 Scout Tower
43:28 Scout Tower
43:31 Guard Tower
43:32 Guard Tower
43:34 Guard Tower
43:37 Guard Tower
43:37 Guard Tower
43:45 Guard Tower
43:45 Guard Tower
43:45 Guard Tower
43:55 Guard Tower
43:56 Guard Tower
44:34 Guard Tower
44:34 Guard Tower
46:21 Guard Tower
46:22 Guard Tower
46:28 Scout Tower
46:29 Scout Tower
46:30 Scout Tower
46:32 Scout Tower
46:33 Scout Tower
46:49 Guard Tower
46:50 Guard Tower
46:57 Scout Tower
46:58 Scout Tower
47:05 Gryphon Aviary
47:07 Gryphon Aviary
47:08 Guard Tower
47:42 Guard Tower
47:50 Guard Tower
49:42 Guard Tower
49:53 Guard Tower
52:27 Guard Tower
61:56 Arcane Vault
» items
| Scroll of Regeneration | 8 | |
| Orb of Fire | 2 | |
| Sobi Mask | 1 | |
| Orb of Corruption | 1 | |
12 total
Chat log
(00:22 / Allies) gregsimoneau: someone got him
(00:40 / Allies) gregsimoneau: ???
(00:43 / Allies) gregsimoneau: someone got him
(00:47 / Allies) wow.wow: its to far for me
(00:51 / Allies) stbbronyourteam: i got it
(00:51 / Allies) wow.wow: red ur next
(00:53 / Allies) wow.wow: to him
(00:54 / Allies) stbbronyourteam: for now
(04:15 / Allies) wow.wow: water
(04:48 / Allies) stbbronyourteam: hit top right
(04:53 / Allies) wow.wow: all
(05:11 / Allies) wow.wow: come red
(06:28 / Allies) wow.wow: heal and hit
(06:40 / Allies) wow.wow: blue
(06:41 / Allies) wow.wow: man
(06:44 / Allies) stbbronyourteam: hit
(06:46 / Allies) stbbronyourteam: ?
(07:36 / Allies) stbbronyourteam: attack niggers
(07:41 / Allies) wow.wow: lets go
(07:49 / Allies) gregsimoneau: we dont have shit
(08:31 / Allies) wow.wow: undead
(09:59 / Allies) wow.wow: out
(10:01 / Allies) wow.wow: to much up
(10:32 / Allies) stbbronyourteam: wood please
(10:56 / Allies) stbbronyourteam: wood for gryphs
(10:57 / Allies) gregsimoneau: tanks for urple
(11:28 / Allies) stbbronyourteam: wood dammit
(12:04 / Allies) gregsimoneau: get out
(14:32 / Allies) stbbronyourteam: stop leeching my xp
(16:14 / Allies) wow.wow: need wood
(16:33 / Allies) wow.wow: nmeed wood
(16:49 / Allies) wow.wow: need wood
(17:51 / Allies) gregsimoneau: keep hitting i got top right
(17:59 / Allies) gregsimoneau: take tanks soewhere
(18:28 / All) wow.wow: fuck japan
(18:47 / Allies) gregsimoneau: BLUE XOME
(18:55 / Allies) stbbronyourteam: wtf is an xome
(19:00 / Allies) gregsimoneau: come
(19:07 / Allies) gregsimoneau: lets tanks hit first
(19:12 / Allies) gregsimoneau: then we go round back
(19:44 / Allies) stbbronyourteam: help niggers
(19:47 / Allies) stbbronyourteam: idiots
(19:51 / Allies) stbbronyourteam: wtf you guys doing
(20:09 / Allies) gregsimoneau: gooo
(20:31 / All) stbbronyourteam: do not kill 2 gryphs next time, team
(21:23 / All) YOSHIOWNJAPAN: faggot
(21:59 / Allies) gregsimoneau: BLUE WHY
(22:07 / All) stbbronyourteam: you let 2 of my gryphs die red
(22:09 / All) stbbronyourteam: shut your mouth
(22:44 / Allies) wow.wow: blue!
(22:46 / Allies) stbbronyourteam: gtfo
(22:48 / Allies) stbbronyourteam: you lost faggot
(23:02 / Allies) wow.wow: we didnt lose?
(23:03 / Allies) wow.wow: man
(23:17 / All) stbbronyourteam: love stabbing ud
(23:20 / All) stbbronyourteam: can unsummon everything
(27:08 / All) stbbronyourteam: get the fuck out jamaican nigger
(27:16 / Allies) wow.wow: jamican bitch!
(27:34 / Allies) wow.wow: hit
(28:39 / All) stbbronyourteam: get the fuck out nigger
(28:44 / All) stbbronyourteam: green
(28:45 / All) stbbronyourteam: leave
(28:45 / All) stbbronyourteam: you lost
(28:50 / All) stbbronyourteam: laggers
(28:54 / All) stbbronyourteam: jesus christ
(28:59 / Allies) wow.wow: lol
(29:03 / All) stbbronyourteam: GTFO
(29:05 / All) wow.wow: die blooddimond
(29:08 / All) stbbronyourteam: drop
(29:09 / All) YOSHIOWNJAPAN: drop dude
(29:10 / All) YOSHIOWNJAPAN: wow
(29:31 / All) wow.wow: dude let him live
(31:26 / All) YOSHIOWNJAPAN: not letting yellow touch him
(31:59 / Allies) wow.wow: sweeeeetttttttttttttttttttttttt
(36:45 / All) wow.wow: ahh!@
(36:57 / All) YOSHIOWNJAPAN: give wood and ill sotp tela
(37:26 / Allies) stbbronyourteam: ez
(37:29 / Allies) stbbronyourteam: get the fuck out
(37:36 / All) YOSHIOWNJAPAN: no towers
(37:43 / Allies) stbbronyourteam: I lost 0 gryphs
(37:43 / All) wow.wow: lolll
(37:44 / Allies) stbbronyourteam: dumbfuck
(37:49 / All) wow.wow: hahahaha
(37:49 / All) YOSHIOWNJAPAN: no expans man
(38:02 / All) stbbronyourteam: I let his expo live for 1 sec to kill his army
(38:18 / All) wow.wow: u skills are insane
(38:19 / All) YOSHIOWNJAPAN: apologize now tela
(38:19 / All) ny_sj: cunt team
(38:21 / All) ny_sj: amzing
(38:21 / All) YOSHIOWNJAPAN: APOLOGIZE
(38:22 / All) YOSHIOWNJAPAN: TEAL
(38:23 / All) YOSHIOWNJAPAN: NOW
(38:31 / All) wow.wow: killing people that u can see lol
(38:33 / All) YOSHIOWNJAPAN: THATS NOT AN APOLOGY TEAL
(38:36 / All) stbbronyourteam: teal, never get wyverns against gryphons
(38:38 / All) stbbronyourteam: god damn retard
(38:44 / All) wow.wow: when it comes to enemy ur ass is grass
(38:46 / All) ny_sj: this scrubs a tk
(38:58 / All) stbbronyourteam: the only ass you ever get, green, is when your hand slips through the toilet paper
(39:15 / All) wow.wow: blue ur? 14?
(39:22 / All) stbbronyourteam: 21
(39:25 / All) stbbronyourteam: my negro
(39:36 / All) YOSHIOWNJAPAN: APOLOGIZE NOW TEAL
(39:37 / All) wow.wow: wow going for the dogs?
(39:38 / All) YOSHIOWNJAPAN: AND ILL STOP
(39:38 / All) wow.wow: lol
(39:41 / All) stbbronyourteam: apologise green
(39:54 / All) YOSHIOWNJAPAN: LET GREEN HAVE A HERO
(39:56 / All) YOSHIOWNJAPAN: HE EARNED IT
(40:01 / All) stbbronyourteam: he has no hero
(40:08 / All) stbbronyourteam: killed it ages ago
(40:09 / All) YOSHIOWNJAPAN: ILL BUY TOWN HALL FOR HIM K?
(40:12 / All) stbbronyourteam: k
(40:13 / All) YOSHIOWNJAPAN: he have workers?
(40:18 / All) stbbronyourteam: 1
(40:20 / All) YOSHIOWNJAPAN: give him
(40:21 / All) stbbronyourteam: 2 actually
(40:22 / All) YOSHIOWNJAPAN: resources
(40:24 / All) YOSHIOWNJAPAN: let him build up
(40:41 / All) wow.wow: thanks!
(40:50 / All) stbbronyourteam: no problem
(40:59 / Allies) wow.wow: i knew u were a good guy!
(41:54 / All) ny_sj: lol
(42:03 / All) YOSHIOWNJAPAN: this is a strange game
(42:12 / All) wow.wow: very
(42:14 / All) wow.wow: but fun
(42:18 / All) wow.wow: i likeeeeee
(43:08 / All) YOSHIOWNJAPAN: feed
(43:10 / All) YOSHIOWNJAPAN: yellows hero
(43:11 / All) YOSHIOWNJAPAN: if u can
(43:36 / All) YOSHIOWNJAPAN: yellow ill let u live
(43:39 / All) YOSHIOWNJAPAN: go to purps base
(43:41 / All) YOSHIOWNJAPAN: blue is gonna feed u
(43:43 / All) YOSHIOWNJAPAN: to earthquake
(44:01 / All) Beast-Mode: well then
(44:07 / All) Beast-Mode: Stop fucking trying to kill me
(44:15 / All) YOSHIOWNJAPAN: waiting for confirmation nigger
(44:18 / All) YOSHIOWNJAPAN: go to purps base
(44:21 / All) stbbronyourteam: mid right base
(44:23 / All) YOSHIOWNJAPAN: fuck it follow me
(44:24 / All) stbbronyourteam: 6 gryphons for food
(44:27 / All) YOSHIOWNJAPAN: i wont kill u yellow
(44:29 / All) YOSHIOWNJAPAN: FUCKING TRUST ME
(44:44 / All) YOSHIOWNJAPAN: spam prup now
(44:57 / All) YOSHIOWNJAPAN: give us grifs?
(45:35 / All) stbbronyourteam: no more food right now
(45:36 / All) wow.wow: hi
(45:39 / All) stbbronyourteam: I need to rebuild gryphs
(45:45 / All) stbbronyourteam: I SAID
(45:47 / All) stbbronyourteam: NO MORE FOOD
(45:55 / All) wow.wow: brb going to go kill me a fs
(46:02 / All) YOSHIOWNJAPAN: fs?
(46:12 / All) stbbronyourteam: do not overstay your welcome, yellow
(46:29 / All) wow.wow: im going to eat ur orange
(46:33 / All) YOSHIOWNJAPAN: i gave yellow gold lawl
(46:54 / All) wow.wow: orange leave my town or i come to eat u
(47:02 / All) YOSHIOWNJAPAN: im letting u have an altar
(47:03 / All) YOSHIOWNJAPAN: and farm
(47:05 / All) YOSHIOWNJAPAN: thats it
(47:18 / All) stbbronyourteam: level 10 arch mage
(47:21 / All) stbbronyourteam: 3 orbs, 1 ud orb
(47:23 / All) stbbronyourteam: 2 +6 robes
(47:24 / All) stbbronyourteam: pro
(47:30 / All) YOSHIOWNJAPAN: u cant let him do that
(47:35 / All) stbbronyourteam: do what
(47:44 / All) YOSHIOWNJAPAN: he fucking massed copters with purp
(47:45 / All) YOSHIOWNJAPAN: u cant let him do that
(47:54 / All) stbbronyourteam: you said I can just spam earlier
(47:55 / All) stbbronyourteam: idiot
(48:03 / All) YOSHIOWNJAPAN: no copters wow
(48:04 / All) YOSHIOWNJAPAN: kill them
(48:46 / All) YOSHIOWNJAPAN: spam copters attack each other
(49:09 / All) YOSHIOWNJAPAN: fuck it im getting tanks
(49:13 / All) YOSHIOWNJAPAN: keep copeter there
(49:16 / All) stbbronyourteam: he has like 3 control groups
(49:19 / All) stbbronyourteam: impossible to spam
(49:52 / All) YOSHIOWNJAPAN: move ur griffs let me have copters
(50:10 / All) YOSHIOWNJAPAN: go rape purp or green
(50:13 / All) YOSHIOWNJAPAN: whoever is making copters
(50:15 / All) stbbronyourteam: purp is dead
(50:26 / All) wow.wow: what a tasteful game!
(50:54 / All) YOSHIOWNJAPAN: didn't know teal had no burrows damn
(50:55 / All) YOSHIOWNJAPAN: feel bad
(51:07 / All) stbbronyourteam: killed green's hero
(51:23 / All) wow.wow: tis tisssssss tissssssssssssss
(51:26 / All) YOSHIOWNJAPAN: u think he'll stay for win?
(51:29 / All) YOSHIOWNJAPAN: green?
(51:31 / All) YOSHIOWNJAPAN: we can do standoff
(51:32 / All) stbbronyourteam: dunno
(51:35 / All) wow.wow: i could ahve taken u out blue but i didnt
(51:41 / All) stbbronyourteam: because I raeped you
(51:46 / Allies) wow.wow: ur gryps were mere ants comepared to my mass cops
(51:54 / Allies) stbbronyourteam: cool
(52:02 / All) stbbronyourteam: ur gryps were mere ants compared to my mass cops - green
(52:05 / All) stbbronyourteam: he still got raped
(52:33 / All) YOSHIOWNJAPAN: OH YEA TEAL A SPEED SCROLL IS GONNA DO WHEN UR HALFWAY ACROSS MAP FROM SHOP
(52:57 / All) YOSHIOWNJAPAN: WHERE SHOULD I HIT NIGGA
(52:58 / All) wow.wow: i am happy for life
(53:00 / All) stbbronyourteam: bot right
(53:04 / All) stbbronyourteam: green has like 3 buildings
(53:11 / All) wow.wow: cause my 10th grade enligh teacher sucked my dick
(53:18 / All) wow.wow: ya im aloways in a good mood
(53:22 / All) YOSHIOWNJAPAN: oh i see
(53:31 / All) wow.wow: ya u can imagine
(54:00 / All) stbbronyourteam: his hero is almost done
(54:04 / All) YOSHIOWNJAPAN: is that all he has
(54:04 / All) stbbronyourteam: wait for it for xp
(54:06 / All) stbbronyourteam: yes
(54:56 / All) stbbronyourteam: he has 1 potion and a tp
(55:09 / All) wow.wow: just imagine
(55:14 / All) wow.wow: if i had a fair game
(55:14 / All) YOSHIOWNJAPAN: start killing towers lets make this a stsandofff
(55:20 / Allies) wow.wow: I would fuckign own u guys lol!
(55:26 / All) stbbronyourteam: if you had a fair game, I would have raped you too
(55:45 / All) YOSHIOWNJAPAN: tp to thim
(55:49 / All) stbbronyourteam: green says he would have "fucking owned us lol" if he had a fair game
(55:57 / All) stbbronyourteam: to who
(56:00 / All) stbbronyourteam: nobody left to tp to
(56:14 / All) stbbronyourteam: red has 2 shades
(56:18 / All) stbbronyourteam: those are fine in standoffs, right?
(56:43 / All) wow.wow: come get me bitch
(58:08 / All) stbbronyourteam: killing all my shit
(58:17 / All) wow.wow: ur douign it
(58:23 / All) stbbronyourteam: doing what
(58:25 / All) wow.wow: its like a retard punching him self in the face
(58:26 / All) stbbronyourteam: a standoff? of course
(59:20 / All) YOSHIOWNJAPAN: no standoff now
(59:28 / All) stbbronyourteam: he left? god damn
(59:51 / All) YOSHIOWNJAPAN: staff mk
(60:05 / All) stbbronyourteam: no goblin shop on this map
(60:17 / All) YOSHIOWNJAPAN: u have mass tp idiot
(60:27 / All) stbbronyourteam: that isn't a staff
(60:38 / All) stbbronyourteam: busy killing my shit
(60:38 / All) YOSHIOWNJAPAN: it fulfills the same purpose......
(60:48 / All) stbbronyourteam: his hero won't stop his loss
(60:51 / All) stbbronyourteam: heroes are not buildings
(60:58 / All) wow.wow: dude i got bj from my high school teacher! man
(61:02 / All) wow.wow: that shit was soooo good
(61:27 / All) stbbronyourteam: killed his hero
(61:38 / All) wow.wow: yess u diddd gooddd jobbbbbbbbbbbbbbb
(61:41 / All) wow.wow: yes u didddd
(62:21 / All) stbbronyourteam: 2 buildings left
(62:24 / All) stbbronyourteam: plus arcane vault
(62:33 / All) stbbronyourteam: this will only end when I cancel the vault, or it is destroyed
(63:19 / All) stbbronyourteam: anthonysira: 0-3 w/l
(63:31 / All) wow.wow: let me win
(63:38 / All) stbbronyourteam: gregimsoneau: 329-357 w/l
(63:44 / All) stbbronyourteam: I never said you could speak green
(63:53 / All) YOSHIOWNJAPAN: u have any preferences
(63:59 / All) stbbronyourteam: wow.wow: 965-984
(64:03 / All) stbbronyourteam: he has a shitty record
(64:08 / All) YOSHIOWNJAPAN: they all do
(64:10 / All) stbbronyourteam: let us make it shittier by shitting on him with a loss
(64:18 / All) YOSHIOWNJAPAN: u lose yes
(64:27 / Allies) wow.wow: ok
(64:27 / All) stbbronyourteam: kill the vault
(64:29 / All) stbbronyourteam: and it's game
(64:29 / All) wow.wow: ok
(64:31 / All) stbbronyourteam: he loses
(64:35 / All) stbbronyourteam: shut your whore mouth green
(64:35 / All) wow.wow: np fun playing with u guys
(64:38 / All) stbbronyourteam: yep
(64:51 / All) YOSHIOWNJAPAN: green if u leave u get a tie
(64:54 / All) stbbronyourteam: ez
(64:55 / All) wow.wow: hey scott
(64:58 / All) stbbronyourteam: too late I think
(65:00 / All) stbbronyourteam: he got raped